 Dungeon Crawl Stone Soup version 0.19.1 (webtiles) character file.

83 Gargoyl the Skirmisher (level 4, -6/40 HPs)
             Began as a Ghoul Abyssal Knight on Dec 26, 2016.
             Was a Believer of Lugonu.
             Killed by divine providence
             ... invoked by an orc priest
              (11 damage)
             ... on level 2 of the Dungeon.
             The game lasted 00:04:03 (1629 turns).

Gargoyl the Skirmisher (Ghoul Abyssal Knight)       Turns: 1629, Time: 00:04:04

Health: -6/40      AC:  5    Str: 15    XL:     4   Next: 44%
Magic:  4/4        EV: 10    Int:  7    God:    Lugonu [**....]
Gold:   136        SH:  2    Dex:  9    Spells: 0 memorised, 3 levels left

rFire  . . .     SeeInvis .     a - +2 hand axe
rCold  + + .     Gourm    .     k - +0 ring mail
rNeg   + + +     Faith    .     d - +0 buckler
rPois  ∞         Spirit   .     (no helmet)
rElec  .         Reflect  .     (no cloak)
rCorr  .         Harm     .     (no gloves)
MR     .....                    (no boots)
Stlth  ..........               (no amulet)
                                (no ring)
                                j - ring of protection from cold

@: rotting
A: rotting body, claws 1, carnivore 3, cold resistance 1, negative energy
resistance 3, slow regeneration 1, torment resistance, unbreathing
a: Depart the Abyss, Bend Space, Renounce Religion


You were on level 2 of the Dungeon.
You worshipped Lugonu.
Lugonu was pleased with you.
You were not hungry.

You visited 1 branch of the dungeon, and saw 3 of its levels.
You visited the Abyss 1 time.

You collected 136 gold pieces.

Inventory:

Hand Weapons
 a - a +2 hand axe (weapon)
Missiles
 r - 6 tomahawks (quivered)
Armour
 d - a +0 buckler (worn)
 k - a +0 ring mail (worn)
Jewellery
 j - a ring of protection from cold (left claw)
 p - an uncursed ring of protection from cold
 q - an uncursed ring of ice {unknown}
Scrolls
 e - a scroll of enchant weapon
 h - a scroll of magic mapping {unknown}
 i - a scroll of immolation {unknown}
 l - a scroll of amnesia {unknown}
 o - a scroll of teleportation {unknown}
Potions
 b - a potion of heal wounds {unknown}
 g - a potion of agility {unknown}
 m - a potion of degeneration {unknown}
 n - a potion of cancellation {unknown}
Comestibles
 c - 2 meat rations


   Skills:
 + Level 3.7 Fighting
 + Level 2.3 Axes
 * Level 3.1 Armour
 + Level 1.1 Dodging
 * Level 2.4 Invocations


You had 3 spell levels left.
You didn't know any spells.

Dungeon Overview and Level Annotations

Branches:
Dungeon (3/15)

Altars:
Cheibriados
Trog


Innate Abilities, Weirdness & Mutations

Your body is rotting away.
You thrive on raw meat.
You are immune to poison.
You have sharp fingernails.
You are carnivorous and can eat meat at any time.
Your flesh is cold resistant. (rC+)
You are immune to negative energy. (rN+++)
You regenerate slowly when monsters are visible.
You are immune to unholy pain and torment.
You can survive without breathing.


Message History

You hit the orc priest.
The orc priest is severely wounded.
The orc priest looks satisfied for a moment.
You block the orc priest's attack.
You hit the orc priest but do no damage.
The orc priest is severely wounded.
The orc priest looks encouraged for a moment.
You hit the orc priest but do no damage.
The orc priest is severely wounded.
The orc priest hits you but does no damage.
Okay, then.
You closely miss the orc priest.
The orc priest is severely wounded.
The orc priest hits you with a short sword.
* * * LOW HITPOINT WARNING * * *
You hit the orc priest.
The orc priest is almost dead.
The orc priest calls down the wrath of Beogh upon you.
Beogh smites you!
You die...

########## #........#
#### #........#
...###### #........#
........#####........#
..>..................#
.........###.........#
.....÷...###<..)@....#
...#.............o...#
...#..........########
...#..........#
..............#
###'...)......#
...#..........#
#+.#..........#
.#.#...[......#


You could see an orc priest.

Vanquished Creatures
  3 adders (D:2)
  An ooze (D:2)
  A worm (D:2)
  4 orcs
  6 bats
  2 giant cockroaches
  9 goblins
  5 hobgoblins
  2 quokkas (D:2)
  2 frilled lizards
  6 kobolds
  4 rats
45 creatures vanquished.

Notes
Turn   | Place    | Note
-------+----------+-------------------------------------------
     0 | Abyss:1  | Gargoyl the Ghoul Abyssal Knight began the quest for the Orb.
     0 | Abyss:1  | Reached XP level 1. HP: 19/19 MP: 1/1
    89 | Abyss:1  | Noticed an ancient zyme
    94 | Abyss:1  | Found a shadowy altar of Dithmenos.
   104 | Abyss:1  | Noticed a titan zombie
   105 | Abyss:1  | Noticed a small abomination
   107 | D:1      | Escaped the Abyss
   351 | D:1      | Reached XP level 2. HP: 21/26 MP: 2/2
   354 | D:1      | Reached * piety under Lugonu
   356 | D:1      | Reached skill level 1 in Dodging
  1077 | D:2      | Found a snail-covered altar of Cheibriados.
  1112 | D:2      | Reached XP level 3. HP: 33/33 MP: 3/3
  1369 | D:2      | Reached XP level 4. HP: 27/40 MP: 4/4
  1455 | D:2      | Found a bloodstained altar of Trog.
  1507 | D:2      | Reached ** piety under Lugonu
  1629 | D:2      | Killed from afar by an orc priest

Skill      XL: |  1  2  3 |
---------------+----------+-----
Armour         | 2 3 |  3.1
Dodging        | 1 |  1.1
Axes           | 2 |  2.3
Fighting       | |  3.7
Invocations    | |  2.4

Action                   |  1- 3 |  4- 6 || total
-------------------------+-------+-------++-------
Melee: Hand axe          |   113 |    40 ||   153
Invok: Depart the Abyss  |     1 |       ||     1
  Use: Scroll            |     4 |       ||     4
  Eat: Chunk             |    18 |    11 ||    29
Armor: Ring mail         |    58 |     7 ||    65
       Leather armour    |     2 |       ||     2
Dodge: Dodged            |    84 |    22 ||   106
Block: Buckler           |    17 |     4 ||    21
